 Dungeon Crawl Stone Soup version 0.19.5 (webtiles) character file.

41673 McKennaii the Eclecticist (level 13, -7/65 HPs)
             Began as a Deep Elf Fire Elementalist on May 14, 2017.
             Was a High Priest of Vehumet.
             Mangled by a six-headed hydra (16 damage)
             ... on level 15 of the Dungeon.
             The game lasted 01:19:16 (17250 turns).

McKennaii the Eclecticist (DEFE)                   Turns: 17250, Time: 01:19:17

Health: -7/65      AC: 20    Str: 12    XL:     13   Next: 81%
Magic:  30/46      EV: 16    Int: 26    God:    Vehumet [*****.]
Gold:   864        SH:  0    Dex: 15    Spells: 14 memorised, 10 levels left

rFire  + + +     SeeInvis +     F - staff of poison
rCold  . . .     Gourm    .     v - +2 robe {MR+}
rNeg   . . .     Faith    .     (no shield)
rPois  +         Spirit   .     N - +3 helmet "Nipotu" {Str+3 Stlth+}
rElec  .         Reflect  .     k - +0 cloak
rCorr  .         Harm     .     H - +3 pair of gloves "Nutuh" {rPois rF+ MR- MP+9}
MR     +....                    O - +2 pair of boots
Stlth  ++++......               R - amulet of Gounk {RegenMP rF+ Str+4 Slay+3 SInv}
                                X - ring of protection from fire
                                d - +4 ring of protection

@: about to teleport
A: no striking features
a: Renounce Religion


You were on level 15 of the Dungeon.
You worshipped Vehumet.
Vehumet was extremely pleased with you.
You were very hungry.

You visited 1 branch of the dungeon, and saw 15 of its levels.

You collected 1058 gold pieces.
You spent 194 gold pieces at shops.

Inventory:

Armour
 k - a +0 cloak (worn)
 v - a +2 robe of magic resistance (worn)
 H - the +3 pair of gloves "Nutuh" (worn) {rPois rF+ MR- MP+9}
   (You found it on level 10 of the Dungeon)

   It protects you from fire.
   It protects you from poison.
   It affects your resistance to hostile enchantments.
   It affects your magic capacity (+9).
 N - the +3 helmet "Nipotu" (worn) {Str+3 Stlth+}
   (You found it on level 13 of the Dungeon)

   It affects your strength (+3).
   It makes you more stealthy.
 O - a +2 pair of boots (worn)
Magical Staves
 F - an uncursed staff of poison (weapon)
Jewellery
 b - an uncursed ring of positive energy
 d - a +4 ring of protection (left hand)
 i - an uncursed ring of ice
 x - a +3 ring of protection
 R - the amulet of Gounk (around neck) {RegenMP rF+ Str+4 Slay+3 SInv}
   (You found it on level 12 of the Dungeon)

   [amulet of magic regeneration]

   It increases your magic regeneration.
   It affects your strength (+4).
   It affects your accuracy and damage with ranged weapons and melee attacks
   (+3).
   It protects you from fire.
   It lets you see invisible.
 X - a ring of protection from fire (right hand)
Scrolls
 e - a scroll of fog {unknown}
 f - 5 scrolls of identify
 g - 7 scrolls of teleportation
 h - a scroll of fear
 t - 3 scrolls of remove curse
 y - 3 scrolls of magic mapping
 z - a scroll of brand weapon {unknown}
 C - a scroll of amnesia
 E - a scroll of recharging
 I - a scroll of random uselessness {unknown}
 J - 2 scrolls of enchant armour
 K - a scroll of blinking
 L - a scroll of summoning {unknown}
 M - 3 scrolls of enchant weapon
Potions
 j - 2 potions of haste
 m - 2 potions of invisibility
 n - 9 potions of curing
 o - 4 potions of flight
 p - 2 potions of agility
 r - a potion of heal wounds
 u - 3 potions of brilliance
 w - 2 potions of might
 A - a potion of lignification
 B - a potion of beneficial mutation
 P - a potion of cancellation
 W - a potion of ambrosia {unknown}
Books
 q - a book of Maledictions

   Spells                             Type                      Level
   a - Corona                         Hexes                        1
   b - Ensorcelled Hibernation        Hexes/Ice                    2
   c - Confuse                        Hexes                        3
   d - Tukima's Dance                 Hexes                        3
   e - Dazzling Spray                 Conjuration/Hexes            3
 D - a book of Spatial Translocations

   Spells                             Type                      Level
   a - Blink                          Translocation                2
   b - Shroud of Golubria             Charms/Translocation         2
   c - Lesser Beckoning               Translocation                3
   d - Portal Projectile              Translocation                3
   e - Teleport Other                 Translocation                3
   f - Passage of Golubria            Translocation                4
 G - a book of Necromancy

   Spells                             Type                      Level
   a - Pain                           Necromancy                   1
   b - Animate Skeleton               Necromancy                   1
   c - Vampiric Draining              Necromancy                   3
   d - Regeneration                   Charms/Necromancy            3
   e - Animate Dead                   Necromancy                   4
   f - Control Undead                 Necromancy                   4
 S - a book of Misfortune

   Spells                             Type                      Level
   a - Confusing Touch                Hexes                        1
   b - Confuse                        Hexes                        3
   c - Gell's Gravitas                Hexes/Translocation          3
   d - Petrify                        Transmutation/Earth          4
   e - Metabolic Englaciation         Hexes/Ice                    5
   f - Yara's Violent Unravelling     Hexes/Transmutation          5
Comestibles
 a - 2 slices of pizza
 c - 14 bread rations
 l - 11 meat rations
 s - 8 beef jerkies
 V - 18 royal jellies
 Y - 4 fruits


   Skills:
 + Level 1.2 Fighting
 + Level 0.4 Staves
 + Level 5.9 Dodging
 + Level 4.4 Stealth
 + Level 18.0 Spellcasting
 + Level 13.7 Conjurations
 + Level 7.0 Hexes
 * Level 2.7 Charms
 + Level 5.3 Translocations
 + Level 12.1 Fire Magic


You had 10 spell levels left.
You knew the following spells:

 Your Spells              Type           Power        Failure   Level  Hunger
a - Flame Tongue          Conj/Fire      #####        0%          1    None
b - Throw Flame           Conj/Fire      ######       0%          2    None
c - Conjure Flame         Conj/Fire      ######..     1%          3    None
d - Dazzling Spray        Conj/Hex       ######       1%          3    None
e - Magic Dart            Conj           ####         0%          1    None
f - Fireball              Conj/Fire      ######....   1%          5    None
g - Stone Arrow           Conj/Erth      ######       1%          3    None
h - Force Lance           Conj/Tloc      ######..     1%          4    None
i - Slow                  Hex            ######..     1%          2    None
j - Delayed Fireball      Conj/Fire      N/A          3%          7    #####..
k - Bolt of Magma         Conj/Fire/Erth ######....   1%          5    None
l - Shroud of Golubria    Chrm/Tloc      #####.....   1%          2    None
m - Blink                 Tloc           N/A          1%          2    None
n - Gell's Gravitas       Hex/Tloc       ######....   1%          3    None


Dungeon Overview and Level Annotations

Branches:
Dungeon (15/15)            Temple (0/1) D:7            Lair (0/6) D:9
    Orc (0/2) D:9          Vaults (0/5) D:13         Depths (0/5) D:15

Altars:
Elyvilon
Fedhas
Gozag
Makhleb
Nemelex Xobeh
Qazlal
Ru
Trog
Uskayaw
Vehumet
Xom
The Shining One

Shops:
D:5 :   D:12 !*[(


Message History

Okay, then.
Okay, then.
As you read the scroll of teleportation, it crumbles to dust.
You feel strangely unstable. The six-headed hydra misses you.
The six-headed hydra bites you but does no damage.
The six-headed hydra bites you.
* * * LOW HITPOINT WARNING * * *
The six-headed hydra bites you!
* * * LOW HITPOINT WARNING * * *
The six-headed hydra bites you but does no damage.
The six-headed hydra barely misses you.
You feel much better.
The six-headed hydra bites you but does no damage.
The six-headed hydra bites you!
* * * LOW HITPOINT WARNING * * *
The six-headed hydra bites you!
* * * LOW HITPOINT WARNING * * *
The six-headed hydra bites you but does no damage.
The six-headed hydra bites you!
You die...

#.##........####....##
##.c.........# ##.....##
.............# #.......#
.............# #.......#
........##...# #.......#
....(....#...####..)..##
.........#....###.....##
......(()#....##..)....#
.........)....##@D.....#
.......##.....##.......#
.....####......##.....##
##.#...##..............#
#............#........#
#####........#........#
####.....##########
#.....# #.....#


You could see a six-headed hydra.

Vanquished Creatures
  Josephine (D:14)
  2 fire dragons (D:15)
  4 hydras
  A death knight (D:13)
  2 centaur warriors
  Sonja (D:13)
  5 skeletal warriors
  A death drake (shapeshifter) (D:14)
  3 unseen horrors
  3 hill giants
  Pikel (D:8)
  An orc knight (D:15)
  A wolf spider zombie (D:15)
  5 ugly things
  3 deep elf magi (D:14)
  A cyclops (D:13)
  3 manticores
  3 centaur zombies
  The ghost of CALLOUS the Sneak, a novice FoAE of Cheibriados (D:6)
  A troll (D:15)
  A harpy zombie (D:15)
  A queen bee (D:13)
  2 hornets
  2 two-headed ogres (D:14)
  3 meliai (D:13)
  4 hippogriffs
  2 vampires
  A yak (shapeshifter) (D:13)
  4 shadows
  8 wraiths
  4 wyverns
  15 yaks
  A steam dragon (D:9)
  A basilisk (D:14)
  2 hungry ghosts
  13 vampire mosquitoes
  A mottled dragon (D:13)
  5 wargs
  2 soldier ants
  2 water moccasins
  12 orc warriors
  4 sky beasts
  3 black bears
  3 ice beasts
  3 phantoms
  A slave (D:8)
  7 ogres
  An eye of draining (D:12)
  21 centaurs
  A big kobold (D:13)
  11 bullfrogs
  3 scorpions
  35 killer bees
  7 wights (D:13)
  A howler monkey (D:6)
  A bullfrog zombie (D:7)
  4 crimson imps
  9 hounds
  3 jellies
  3 quasits
  8 orc priests
  3 bullfrog skeletons
  12 orc wizards
  3 centaur skeletons
  Ijyb (D:2)
  3 iguanas
  10 worker ants
  A hound skeleton (D:9)
  Robin (D:4)
  3 gnolls (D:7)
  12 adders
  A howler monkey skeleton (D:9)
  4 shadow imps
  An ooze (D:3)
  3 adder skeletons
  3 dart slugs
  3 worms
  6 leopard geckos
  64 orcs
  5 giant cockroaches
  6 hobgoblins
  19 jackals
  12 kobolds
  8 quokkas
  A ball python (D:1)
  8 bats
  2 frilled lizards
  22 goblins
  A jackal zombie (D:4)
  A quokka skeleton (D:9)
  A quokka zombie (D:8)
  9 rats
487 creatures vanquished.

Vanquished Creatures (others)
  A slave (D:8)
  A scorpion (D:8)
  A leopard gecko (D:8)
3 creatures vanquished.

Grand Total: 490 creatures vanquished

Notes
Turn   | Place    | Note
-------+----------+-------------------------------------------
     0 | D:1      | McKennaii the Deep Elf Fire Elementalist began the quest for the Orb.
     0 | D:1      | Reached XP level 1. HP: 10/10 MP: 6/6
   169 | D:1      | Reached XP level 2. HP: 15/15 MP: 6/8
   726 | D:2      | Noticed Ijyb
   744 | D:2      | Found a sparkling altar of Nemelex Xobeh.
   754 | D:2      | Killed Ijyb
   754 | D:2      | Reached XP level 3. HP: 18/19 MP: 0/10
   759 | D:2      | Learned a level 2 spell: Throw Flame
   763 | D:2      | Learned a level 3 spell: Conjure Flame
  1137 | D:2      | Found a radiant altar of Vehumet.
  1137 | D:2      | Found a stormy altar of Qazlal.
  1165 | D:2      | Became a worshipper of Vehumet
  1180 | D:2      | Reached skill level 4 in Spellcasting
  1242 | D:2      | Reached XP level 4. HP: 24/24 MP: 4/12
  1403 | D:2      | Found a white marble altar of Elyvilon.
  1404 | D:2      | Found a shimmering altar of Xom.
  1848 | D:3      | Reached * piety under Vehumet
  1848 | D:3      | Offered knowledge of Shock by Vehumet.
  2617 | D:4      | Reached XP level 5. HP: 14/28 MP: 2/14
  2747 | D:4      | Reached skill level 5 in Spellcasting
  2918 | D:4      | Noticed Robin
  2923 | D:4      | Killed Robin
  2923 | D:4      | Reached XP level 6. HP: 28/32 MP: 1/16
  3006 | D:4      | Offered knowledge of Sandblast by Vehumet.
  3110 | D:4      | Reached ** piety under Vehumet
  3226 | D:4      | Reached skill level 5 in Fire Magic
  3290 | D:3      | Reached skill level 6 in Spellcasting
  3493 | D:4      | Found a sacrificial altar of Ru.
  3697 | D:4      | Found a blossoming altar of Fedhas.
  3792 | D:4      | Reached XP level 7. HP: 20/36 MP: 13/19
  3838 | D:5      | Entered Level 5 of the Dungeon
  3889 | D:5      | Reached skill level 7 in Spellcasting
  4007 | D:5      | Found a hide-covered altar of Uskayaw.
  4170 | D:4      | Offered knowledge of Dazzling Spray by Vehumet.
  4176 | D:4      | Learned a level 3 spell: Dazzling Spray
  4178 | D:4      | Learned a level 1 spell: Magic Dart
  4184 | D:4      | Learned a level 5 spell: Fireball
  4238 | D:5      | Found Ucyanaez's Book Shoppe.
  4270 | D:5      | Found an opulent altar of Gozag.
  4866 | D:6      | Reached *** piety under Vehumet
  4938 | D:6      | Noticed CALLOUS's ghost (novice FoAE)
  4952 | D:6      | Reached XP level 8. HP: 41/41 MP: 18/21
  4976 | D:6      | Reached skill level 8 in Spellcasting
  5045 | D:6      | Found a bloodstained altar of Trog.
  5154 | D:6      | Killed CALLOUS's ghost
  5154 | D:6      | Reached skill level 5 in Conjurations
  5417 | D:7      | Found a staircase to the Ecumenical Temple.
  5447 | D:7      | Reached skill level 9 in Spellcasting
  5641 | D:7      | Reached XP level 9. HP: 34/46 MP: 15/24
  5648 | D:7      | Offered knowledge of Stone Arrow by Vehumet.
  5655 | D:7      | Learned a level 3 spell: Stone Arrow
  6161 | D:7      | Found a burning altar of Makhleb.
  6286 | D:8      | Reached skill level 10 in Spellcasting
  6401 | D:8      | Noticed Pikel
  6539 | D:8      | Reached **** piety under Vehumet
  6539 | D:8      | Reached skill level 1 in Hexes
  6694 | D:8      | Offered knowledge of Force Lance by Vehumet.
  6700 | D:8      | Learned a level 4 spell: Force Lance
  6703 | D:8      | Learned a level 2 spell: Slow
  6706 | D:8      | Learned a level 2 spell: Blink
  6857 | D:8      | Killed Pikel
  6857 | D:8      | Reached skill level 11 in Spellcasting
  7235 | D:8      | Reached XP level 10. HP: 51/51 MP: 7/27
  7634 | D:9      | Reached ***** piety under Vehumet
  7717 | D:9      | Offered knowledge of Bolt of Magma by Vehumet.
  7724 | D:9      | Learned a level 5 spell: Bolt of Magma
  7733 | D:9      | Reached skill level 12 in Spellcasting
  8128 | D:9      | Found a staircase to the Lair.
  8600 | D:9      | Found a glowing golden altar of the Shining One.
  8725 | D:9      | Found a staircase to the Orcish Mines.
  8757 | D:9      | Reached skill level 1 in Translocations
  8892 | D:9      | Reached skill level 13 in Spellcasting
  9626 | D:10     | Entered Level 10 of the Dungeon
  9825 | D:9      | Killed an unseen horror
  9981 | D:10     | Found Reovap's Food Boutique.
 10256 | D:9      | Reached XP level 11. HP: 54/55 MP: 9/30
 10616 | D:10     | Reached skill level 10 in Fire Magic
 10792 | D:10     | Got a pair of distressingly furry gloves
 10803 | D:10     | Identified the +3 pair of gloves "Nutuh" {rPois rF+ MR- MP+9} (You found it on level 10 of the Dungeon)
 11099 | D:11     | Noticed a brown ugly thing
 11130 | D:11     | Killed a brown ugly thing
 11584 | D:11     | Reached skill level 14 in Spellcasting
 11793 | D:11     | Reached skill level 10 in Conjurations
 11859 | D:12     | Found Jeomuota's Armour Boutique.
 11868 | D:12     | Bought a +2 robe of magic resistance for 194 gold pieces
 11907 | D:12     | Noticed a hill giant
 11911 | D:12     | Noticed a white ugly thing
 11925 | D:12     | Killed a hill giant
 11935 | D:12     | Killed a white ugly thing
 12116 | D:12     | Reached skill level 5 in Dodging
 12141 | D:12     | Offered knowledge of Delayed Fireball by Vehumet.
 12150 | D:12     | Learned a level 7 spell: Delayed Fireball
 12234 | D:12     | Found Lopury's Distillery.
 12257 | D:12     | Learned a level 2 spell: Shroud of Golubria
 12282 | D:12     | Found Puas's General Store.
 12439 | D:12     | You fall through a shaft for 2 floors!
 12439 | D:14     | Noticed a deep elf mage
 12441 | D:14     | Killed a deep elf mage
 12527 | D:14     | Killed an unseen horror
 12527 | D:14     | Reached skill level 1 in Charms
 12585 | D:14     | Noticed an eight-headed hydra
 12593 | D:14     | Killed an eight-headed hydra
 12593 | D:14     | Reached skill level 15 in Spellcasting
 12606 | D:14     | Noticed a hell hog
 12774 | D:14     | Noticed a deep elf mage
 12777 | D:14     | Killed a deep elf mage
 12777 | D:14     | Reached XP level 12. HP: 60/60 MP: 29/33
 13323 | D:14     | Noticed Josephine
 13330 | D:14     | Killed Josephine
 13330 | D:14     | Reached skill level 1 in Fighting
 13609 | D:13     | Got a polished helmet
 13620 | D:13     | Identified the +3 helmet "Nipotu" {Str+3 Stlth+} (You found it on level 13 of the Dungeon)
 13636 | D:13     | Noticed Sonja
 13637 | D:13     | Killed Sonja
 13692 | D:13     | Reached skill level 5 in Hexes
 13820 | D:13     | Noticed a centaur warrior
 13823 | D:13     | Killed a centaur warrior
 13823 | D:13     | Reached skill level 16 in Spellcasting
 13830 | D:13     | Noticed a death knight
 13841 | D:13     | Killed a death knight
 14414 | D:13     | Noticed a four-headed hydra
 14428 | D:13     | Killed a four-headed hydra
 14650 | D:12     | Found Zutz's Antique Weapon Emporium.
 14660 | D:12     | Got a shimmering iron amulet
 14661 | D:12     | Identified the amulet of Gounk {RegenMP rF+ Str+4 Slay+3 SInv} (You found it on level 12 of the Dungeon)
 15025 | D:12     | Noticed a five-headed hydra
 15027 | D:12     | Killed a five-headed hydra
 15027 | D:12     | Reached XP level 13. HP: 64/64 MP: 35/35
 15278 | D:13     | Found a gate to the Vaults.
 15457 | D:13     | Reached skill level 17 in Spellcasting
 15606 | D:13     | Offered knowledge of Iron Shot by Vehumet.
 15611 | D:13     | Learned a level 3 spell: Gell's Gravitas
 16031 | D:15     | Entered Level 15 of the Dungeon
 16502 | D:15     | Noticed a fire dragon
 16520 | D:15     | Killed a fire dragon
 16520 | D:15     | Reached skill level 5 in Translocations
 16639 | D:15     | Noticed a fire dragon
 16661 | D:15     | Killed a fire dragon
 16700 | D:15     | Found a staircase to the Depths.
 17163 | D:15     | Reached skill level 18 in Spellcasting
 17250 | D:15     | Mangled by a six-headed hydra

Skill      XL: |  1  2  3  4  5  6  7  8  9 10 11 12 13 |
---------------+----------------------------------------+-----
Fire Magic     | 4 5 6 7 9 10 11 12 | 12.1
Spellcasting   | 4 5 6 7 9 11 13 15 16 18 | 18.0
Dodging        | 3 4 5 |  5.9
Stealth        | 3 4 |  4.4
Conjurations   | 2 3 4 6 7 9 11 12 13 | 13.7
Hexes          | 2 3 4 5 7 |  7.0
Translocations | 2 3 4 5 |  5.3
Charms         | 1 2 |  2.7
Fighting       | 1 |  1.2
Staves         | |  0.4

Action                   |  1- 3 |  4- 6 |  7- 9 | 10-12 | 13-15 || total
-------------------------+-------+-------+-------+-------+-------++-------
Melee: Unarmed           |     1 |     1 |       |       |       ||     2
       Staff             |       |       |       |     3 |     3 ||     6
 Cast: Flame Tongue      |    63 |   150 |   231 |   353 |   108 ||   905
       Throw Flame       |       |    12 |    35 |     1 |       ||    48
       Conjure Flame     |       |     1 |     5 |    11 |     6 ||    23
       Fireball          |       |       |    12 |    90 |    51 ||   153
       Dazzling Spray    |       |       |    28 |    68 |    64 ||   160
       Force Lance       |       |       |     6 |    97 |    37 ||   140
       Magic Dart        |       |       |     5 |    61 |    35 ||   101
       Slow              |       |       |     2 |    28 |    11 ||    41
       Blink             |       |       |       |     4 |       ||     4
       Delayed Fireball  |       |       |       |     7 |     4 ||    11
       Shroud of Golubri |       |       |       |     3 |     4 ||     7
       Gell's Gravitas   |       |       |       |       |     1 ||     1
 Abil: Release Delayed F |       |       |       |     7 |     4 ||    11
  Use: Scroll            |     5 |     3 |    10 |     8 |     1 ||    27
       Potion            |       |       |       |     1 |     1 ||     2
  Eat: Chunk             |     1 |     7 |    13 |    26 |     5 ||    52
       Fruit             |       |       |       |     2 |       ||     2
       Royal jelly       |       |       |       |     1 |       ||     1
       Beef jerky        |       |       |       |       |     1 ||     1
Armor: Robe              |     8 |    17 |    22 |    86 |    54 ||   187
Dodge: Dodged            |    10 |    47 |    48 |   120 |    89 ||   314
